 Dungeon Crawl Stone Soup version 0.28-b1-25-g9875b3fc8c (webtiles) character file.

Game seed: 16684707939211527788

93 AttackBeaver the Poker (level 4, 0/38 HPs)
             Began as a Minotaur Gladiator on Feb 5, 2022.
             Was a Believer of Lugonu.
             Slain by an orc (3 damage)
             ... on level 4 of the Dungeon.
             The game lasted 00:13:35 (1143 turns).

AttackBeaver the Poker (Minotaur Gladiator)         Turns: 1143, Time: 00:13:36

Health: 0/38       AC:  3    Str: 27    XL:     4   Next: 36%
Magic:  3/3        EV: 12    Int:  5    God:    Lugonu [**....]
Gold:   52         SH:  0    Dex: 11    Spells: 3/3 levels left

rFire   . . .      SeeInvis .   a - +0 trident
rCold   . . .      Faith    .   (no shield)
rNeg    . . .      Spirit   .   b - +0 leather armour
rPois   .          Reflect  .   c - +0 hat
rElec   .          Harm     .   (no cloak)
rCorr   .          Rampage  .   (no gloves)
Will    .....                   (no boots)
Stlth   +.........              (no amulet)
HPRegen 0.12/turn               e - +6 ring of strength
MPRegen 0.08/turn               (no ring)

@: hasted and slowed
A: horns 2, retaliatory headbutt
a: Renounce Religion, Depart the Abyss, Bend Space


You were on level 4 of the Dungeon.
You worshipped Lugonu.
Lugonu was pleased with you.
You visited 1 branch of the dungeon, and saw 3 of its levels.

You collected 74 gold pieces.
You spent 22 gold pieces at shops.

Inventory:

Hand Weapons
 a - a +0 trident (weapon)
 f - a +0 club
 i - a +0 hunting sling
 j - a +0 spear
Missiles
 d - 2 throwing nets (quivered)
 g - 11 bolts
 l - 4 poisoned darts
Armour
 b - a +0 leather armour (worn)
 c - a +0 hat (worn)
Jewellery
 e - a +6 ring of strength (left hand)
Potions
 k - a potion of ambrosia {unknown}


   Skills:
 + Level 3.0 Fighting
 + Level 4.6 Polearms
 + Level 2.0 Throwing
 + Level 2.3 Armour
 + Level 4.0 Dodging
 + Level 0.1 Stealth


You had 3 spell levels left.
You didn't know any spells.
Your spell library contained the following spells:

 Spells                   Type           Power      Damage    Failure   Level
 Beastly Appendage        Tmut           0%         N/A       52%         1
 Sting                    Tmut/Pois      0%         1d3       52%         1
 Wereblood                Tmut           0%         N/A       65%         2
 Spider Form              Tmut/Pois      0%         N/A       87%         3


Dungeon Overview and Level Annotations

Branches:
Dungeon (2/15)

Altars:
Lugonu

Shops:
D:1 [[??


Innate Abilities, Weirdness & Mutations

You have a pair of horns on your head.
You reflexively headbutt those who attack you in melee.


Message History

* * * LOW HITPOINT WARNING * * *
An orc comes into view. It is wielding a +0 whip.
You fail to use your ability.
Natasha barely misses you. You furiously retaliate!
You headbutt Natasha!
You kill Natasha!
Lugonu accepts your kill.
Natasha yowls pathetically as she dies!
Your Armour skill increases to level 2!
You have reached level 4!
You feel stronger.
You fail to use your ability.
The orc hits you with a +0 hand axe.
* * * LOW HITPOINT WARNING * * *
You hit the orc but do no damage. Your headbutt misses the orc.
The orc barely misses you.
You barely miss the orc. Your headbutt misses the orc.
The orc hits you but does no damage.
You hit the orc. You headbutt the orc.
The orc is heavily wounded.
The orc barely misses you. You furiously retaliate!
You headbutt the orc!
You kill the orc!
Lugonu accepts your kill.
You closely miss the orc. The orc hits you but does no damage.
You barely miss the orc.
An orc comes into view. It is wielding a +0 flail.
The orc closely misses you.
You closely miss the orc.
The orc shouts!
You hear an angry hiss.
You hear a shout!
The orc hits you with a +0 whip.
* * * LOW HITPOINT WARNING * * *
You hit the orc but do no damage. The orc hits you with a +0 whip.
* * * LOW HITPOINT WARNING * * *
Okay, then.
Okay, then.
You barely miss the orc. You headbutt the orc.
The orc is lightly wounded.
The orc misses you.
You hit the orc.
The orc is moderately wounded.
The orc hits you with a +0 whip.
You die...

## ##.##
#...##
###....##
#......@#
.....###oo#
... ...## #
#...#
#...## #...
.... ..:#.


You could see 2 orcs.

Vanquished Creatures
  Natasha (D:4)
  A gnoll (D:2)
  2 adders (D:2)
  A worm (D:2)
  2 dart slugs
  An orc (D:4)
  5 endoplasms
  A giant cockroach (D:2)
  3 goblins (D:2)
  A hobgoblin (D:2)
  A quokka (D:2)
  A ball python (D:2)
  7 bats
  A frilled lizard (D:1)
  3 kobolds (D:1)
  2 rats (D:1)
33 creatures vanquished.

Vanquished Creatures (others)
  A fungus (D:1)
1 creature vanquished.

Grand Total: 34 creatures vanquished

Notes
Turn   | Place    | Note
-------+----------+-------------------------------------------
     0 | D:1      | AttackBeaver the Minotaur Gladiator began the quest for the
                  | Orb.
     0 | D:1      | Reached XP level 1. HP: 18/18 MP: 0/0
    87 | D:1      | Found Cukaox's Antique Armour Shop.
   119 | D:1      | Found Zehept's Magic Scroll Shop.
   137 | D:1      | Found Kutung's Magic Scroll Emporium.
   142 | D:1      | Found a faded altar of an unknown god.
   155 | D:1      | Got Plato's Incunabulum of Moulding
   156 | D:1      | Prayed at the altar of an unknown god.
   156 | D:1      | Became a worshipper of Lugonu the Unformed
   156 | D:1      | Reached * piety under Lugonu
   156 | D:1      | Reached ** piety under Lugonu
   164 | D:1      | Found Hopnur's Armour Shoppe.
   260 | D:1      | Reached XP level 2. HP: 19/25 MP: 1/1
   841 | D:1      | Bought a scroll of identify for 22 gold pieces
   937 | D:2      | Reached XP level 3. HP: 30/30 MP: 2/2
   954 | D:2      | Reached skill level 1 in Armour
  1123 | D:2      | You fall into a shaft and drop 2 floors!
  1123 | D:4      | Noticed Natasha
  1133 | D:4      | Killed Natasha
  1134 | D:4      | Reached XP level 4. HP: 11/38 MP: 3/3
  1143 | D:4      | Slain by an orc

Illustrated notes

Levels and vault maps discovered:
D:1:      dpeg_arrival_chambers_temple_mockup, layout_rooms, serial_bayou,
          serial_bayou_pond_e, serial_bayou_lagoon_a, serial_bayou_pond_c,
          serial_bayou_shore_b, shapermc_ecumenical_altar_rom_forum,
          serial_shops, nicolae_shop_stone, shop, shop, shop, kennysheep_doodads
D:2:      layout_loops_ring, minmay_quantized, uniq_robin
D:4:      layout_cave_pools, uniq_natasha, uniq_duvessa

Skill      XL: |  1  2  3 |
---------------+----------+-----
Polearms       | 4 |  4.6
Armour         | 2 |  2.3
Dodging        | 4 |  4.0
Fighting       | 3 |  3.0
Throwing       | |  2.0
Stealth        | |  0.1

Action                   |  1- 3 |  4- 6 || total
-------------------------+-------+-------++-------
Melee: Trident           |    62 |     9 ||    71
       Headbutt          |     4 |     2 ||     6
Throw: Throwing net      |     3 |       ||     3
Invok: Bend Space        |     1 |       ||     1
  Use: Scroll            |     2 |       ||     2
       Potion            |     1 |       ||     1
 Stab: Sleeping          |     1 |       ||     1
Armor: Leather armour    |    13 |     2 ||    15
Dodge: Dodged            |    42 |     4 ||    46
